 Dungeon Sprint DCSS version 0.29-a0-90-gc37658a0fe (webtiles) character file.

Game seed: 7775819972291751407

72623 mhtbhm the Conqueror (level 15, -8/174 HPs)
             Began as a Yellow Draconian Berserker on Feb 6, 2022.
             Was the Champion of Trog.
             Killed from afar by a tengu reaver (42 damage)
             ... with a bolt of fire
             ... led by Sojobo
             ... in the Dungeon (Sprint IX: "|||||||||||||||||||||||||||||").
             The game lasted 00:19:12 (9797 turns).

mhtbhm the Conqueror (Yellow Draconian Berserker)   Turns: 9797, Time: 00:19:12

Health: -8/174     AC: 19    Str: 28    XL:     15   Next: 1%
Magic:  15/15      EV: 19    Int:  9    God:    Trog [******]
Gold:   1643       SH:  0    Dex: 11    Spells: 14/14 levels left

rFire   . . .      SeeInvis .   a - +5 great sword (vorpal)
rCold   . . .      Faith    .   (shield currently unavailable)
rNeg    . . .      Spirit   .   (armour unavailable)
rPois   .          Reflect  .   C - +2 hat
rElec   .          Harm     .   g - +1 cloak
rCorr   +          Rampage  .   u - +1 pair of gloves
Will    +....      NoTele   +   j - +1 pair of boots
Stlth   +++++.....              (no amulet)
HPRegen 0.39/turn               k - +2 ring of protection
MPRegen 0.14/turn               l - +3 ring of strength

@: no status effects
A: spit acid, AC +9, unfitting armour, acidic bite, cold-blooded, acid
resistance
a: Breathe Acid, Renounce Religion, Berserk, Trog's Hand, Brothers in Arms


You were in the Dungeon.
You worshipped Trog.
Trog was exalted by your worship.
You visited 1 branch You collected 1937 gold pieces.
You spent 294 gold pieces at shops.

Inventory:

Hand Weapons
 a - a +5 vorpal great sword (weapon)
 r - a +2 scimitar of holy wrath
 s - a +6 double sword
 y - a +3 vorpal demon blade
 D - a +7 triple sword
 H - the +2 Maxwell's thermic engine {flame, freeze}
   (You found it in the Dungeon)

   It burns those it strikes, dealing additional fire damage.
   Big, fiery blades are also staple armaments of hydra-hunters.
   It freezes those it strikes, dealing additional cold damage.
   It can also slow down cold-blooded creatures.
   It becomes more effective when it hits something.
   This effect fades over time.
Missiles
 w - 8 javelins (quivered)
 x - 2 throwing nets
 z - 7 boomerangs
 B - 3 curare-tipped darts
Armour
 c - a +0 kite shield
 g - a +1 cloak (worn)
 j - a +1 pair of boots (worn)
 u - a +1 pair of gloves (worn)
 C - a +2 hat (worn)
Jewellery
 d - a ring of flight
 k - a +2 ring of protection (left hand)
 l - a +3 ring of strength (right hand)
 E - a ring of positive energy
 G - a ring of protection from cold
Wands
 i - a wand of iceblast (9)
Scrolls
 o - 2 scrolls of enchant weapon
 p - 4 scrolls of identify
 q - 3 scrolls of fear
 t - a scroll of fog
 v - 4 scrolls of blinking
 A - 5 scrolls of enchant armour
Potions
 b - 6 potions of curing
 e - 4 potions of magic
 f - 3 potions of berserk rage
 h - a potion of invisibility
 m - a potion of might
 n - 2 potions of mutation
 F - 11 potions of heal wounds


   Skills:
 O Level 27 Fighting
 O Level 27 Long Blades
 + Level 6.3 Throwing
 + Level 18.2 Dodging
 + Level 11.5 Stealth
 + Level 1.0 Evocations


You had 14 spell levels left.
You didn't know any spells.
Your spell library was empty.

Dungeon Overview and Level Annotations

Branches:
Dungeon (1/1)

Altars:
Cheibriados
Dithmenos
Elyvilon
Fedhas
Gozag
Hepliaklqana
Kikubaaqudgha
Makhleb
Nemelex Xobeh
Okawaru
Qazlal
Ru
Sif Muna
Trog
Uskayaw
Vehumet
Wu Jian
Xom
Yredelemnul
Zin
The Shining One
Beogh
Jiyva
Lugonu

Shops:
D *([[

Annotations:
D Sojobo


Innate Abilities, Weirdness & Mutations

You can spit globs of acid.
Your golden yellow scales are hard. (AC +9)
You cannot fit into any form of body armour.
You have acidic saliva.
You are cold-blooded and may be slowed by cold attacks.
You are resistant to acid. (rCorr)


Message History

Okay, then.
You feel much better.
The tengu reaver hits you but does no damage.
You are electrocuted!
The tengu reaver pecks you but does no damage.
The tengu reaver claws you but does no damage.
Unknown command.
Your stone giant goes berserk!
Sojobo waves her feathered arms in wide circles.
The air twists around and strikes you!!
* * * LOW HITPOINT WARNING * * *
The tengu reaver hits you with a +2 battleaxe of electrocution.
* * * LOW HITPOINT WARNING * * *
The tengu reaver pecks you.
* * * LOW HITPOINT WARNING * * *
The tengu reaver claws you but does no damage.
Unknown command.
You swap places.
Sojobo casts a spell.
Your stone giant hits the tengu reaver!
The tengu reaver hits your stone giant with a +2 battleaxe of electrocution!!
The tengu reaver pecks your stone giant.
The tengu reaver claws your stone giant but does no damage.
Unknown command.
Unknown command.
You feel much better.
Your stone giant hits the tengu reaver!!!
Sojobo waves her feathered arms in wide circles.
The air twists around and strikes you!
* * * LOW HITPOINT WARNING * * *
The tengu reaver hits your stone giant with a +2 battleaxe of electrocution!
The tengu reaver pecks your stone giant.
The tengu reaver claws your stone giant but does no damage.
Your stone giant hits the tengu reaver but does no damage.
Unknown command.
Your stone giant barely misses the tengu reaver.
The tengu reaver gestures at your stone giant while chanting.
The bolt of fire hits your stone giant!!!
The bolt of fire hits you!!!
You die...

▓▓▓▓▓▓▓▓▓▓▓▓▓▓▓▓▓▓
.▓...▓...▓...▓...▓
.▓.▓.▓.▓.▓.▓.▓.▓.▓
.▓.▓.▓.▓.▓.▓.▓.▓.▓
.▓.▓.▓.▓.▓.▓.▓.▓@▓
.▓.▓.▓.▓.▓.▓.▓.▓.▓
.▓.▓.▓.▓)▓.▓.▓.▓C▓
.▓.▓.▓.▓[▓.▓.▓.▓Q▓
.▓.▓.▓.▓.▓.▓.▓.▓Q▓
.▓.▓.▓.▓.▓.▓.▓.▓Q▓
.▓'▓.▓.▓)▓'▓.▓.▓E▓
.▓.▓.▓.▓.▓.▓.▓'▓.▓
.▓.▓.▓)▓.▓.▓.▓.▓.▓


You could see Sojobo (repels missiles), 2 tengu reavers, an air elemental
(summoned) and a friendly stone giant (summoned, berserk).

Vanquished Creatures
  Boris (D)
  Gastronok (D)
  2 sphinxes (D)
  Donald (D)
  2 vault wardens (D)
  3 frost giants (D)
  An iron dragon (D)
  A very ugly thing (D)
  2 spriggan defenders (D)
  3 stone giants (D)
  An eleionoma (D)
  A dire elephant (D)
  2 bunyips (D)
  A spark wasp (D)
  2 ettins (D)
  2 fire dragons (D)
  A merfolk javelineer (D)
  4 yaktaur captains (D)
  A great orb of eyes (D)
  Harold (D)
  5 hydras (D)
  A rakshasa (D)
  An ice dragon (D)
  A naga warrior (D)
  A satyr (D)
  2 anacondas (D)
  A ghost crab (D)
  A centaur warrior (D)
  2 two-headed ogres (D)
  A tengu warrior (D)
  A deep troll earth mage (D)
  A deep troll shaman (D)
  2 vampire magi (D)
  Urug (D)
  7 orc high priests (D)
  Sonja (D)
  A shock serpent (D)
  2 pharaoh ants (D)
  2 sea snakes (D)
  A deep troll (shapeshifter) (D)
  3 glowing orange brains (D)
  A harpy (D)
  A necromancer (D)
  An ironbound convoker (D)
  2 wolf spiders (D)
  A deep elf pyromancer (D)
  5 orc knights (D)
  A mana viper (D)
  An ugly thing (D)
  2 manticores (D)
  3 elephants (D)
  5 black mambas (D)
  2 vault sentinels (D)
  A naga mage (D)
  4 cane toads (D)
  A torpor snail (D)
  A yaktaur (D)
  A komodo dragon (D)
  2 demonic crawlers (D)
  2 tengu conjurers (D)
  A merfolk (D)
  A tyrant leech (D)
  2 blink frogs (D)
  2 slime creatures (D)
  A snapping turtle (D)
  A jumping spider (D)
  A shadow (D)
  A water elemental (D)
  A fire bat (shapeshifter) (D)
  A redback (D)
  A steam dragon (D)
  2 vampire mosquitoes (D)
  3 water moccasins (D)
  9 orc warriors (D)
  5 bullfrogs (D)
  A scorpion (D)
  2 howler monkeys (D)
  A hound (D)
  2 orc priests (D)
  2 orc wizards (D)
  A dart slug (D)
  6 orcs (D)
  A ball python (D)
  2 endoplasms (D)
  A ball python skeleton (D)
  A bat (D)
  A bat simulacrum (D)
  A rat (D)
162 creatures vanquished.

Vanquished Creatures (collateral kills)
  An ironbound preserver (D)
  A stone giant (D)
  A salamander tyrant (D)
  A death knight (D)
  A two-headed ogre (D)
  A centaur warrior (D)
  A deep troll shaman (D)
  A tengu warrior (D)
  An orc high priest (D)
  3 orc knights (D)
  A cyclops (D)
  A vault sentinel (D)
  A cane toad (D)
  An orc warrior (D)
  A centaur (D)
17 creatures vanquished.

Vanquished Creatures (others)
  A wizard (D)
  A bloated husk (D)
2 creatures vanquished.

Grand Total: 181 creatures vanquished

Notes
Turn   | Place    | Note
-------+----------+-------------------------------------------
     0 | D        | mhtbhm the Draconian Berserker began the quest for the Orb.
     0 | D        | Reached XP level 1. HP: 19/19 MP: 1/1
     8 | D        | Reached ** piety under Trog
   117 | D        | Noticed a howler monkey
   117 | D        | Noticed a hound
   117 | D        | Noticed a scorpion
   122 | D        | Reached XP level 2. HP: 27/27 MP: 2/2
   123 | D        | Killed a scorpion
   123 | D        | Reached *** piety under Trog
   124 | D        | Reached skill level 5 in Fighting
   124 | D        | Reached skill level 5 in Long Blades
   124 | D        | Reached XP level 3. HP: 37/37 MP: 3/3
   126 | D        | Reached skill level 5 in Dodging
   126 | D        | Reached XP level 4. HP: 45/45 MP: 4/4
   178 | D        | Found a snail-covered altar of Cheibriados.
   178 | D        | Found a shadowy altar of Dithmenos.
   178 | D        | Found a white marble altar of Elyvilon.
   178 | D        | Found a blossoming altar of Fedhas.
   178 | D        | Found an opulent altar of Gozag.
   179 | D        | Found a hazy altar of Hepliaklqana.
   180 | D        | Found a viscous altar of Jiyva.
   181 | D        | Found an ancient bone altar of Kikubaaqudgha.
   182 | D        | Found a corrupted altar of Lugonu.
   183 | D        | Found a burning altar of Makhleb.
   184 | D        | Found a sparkling altar of Nemelex Xobeh.
   185 | D        | Found an iron altar of Okawaru.
   186 | D        | Found a stormy altar of Qazlal.
   187 | D        | Found a sacrificial altar of Ru.
   188 | D        | Found a shimmering blue altar of Sif Muna.
   189 | D        | Found a bloodstained altar of Trog.
   190 | D        | Found a hide-covered altar of Uskayaw.
   191 | D        | Found a radiant altar of Vehumet.
   192 | D        | Found an ornate altar of the Wu Jian Council.
   193 | D        | Found a shimmering altar of Xom.
   194 | D        | Found a basalt altar of Yredelemnul.
   195 | D        | Found a glowing silver altar of Zin.
   196 | D        | Found a glowing golden altar of the Shining One.
   307 | D        | Noticed a centaur
   307 | D        | Noticed a two-headed ogre
   307 | D        | Noticed a shadow
   307 | D        | Noticed a two-headed ogre
   307 | D        | Noticed a steam dragon
   317 | D        | Killed a two-headed ogre
   318 | D        | Reached skill level 10 in Fighting
   318 | D        | Reached XP level 5. HP: 59/59 MP: 5/5
   318 | D        | Reached XP level 6. HP: 67/67 MP: 6/6
   318 | D        | Your scales start taking on a golden yellow colour.
   318 | D        | Reached XP level 7. HP: 73/73 MP: 7/7
   318 | D        | Gained mutation: You are resistant to acid. (rCorr) [Yellow
                  | Draconian growth]
   324 | D        | Killed a steam dragon
   324 | D        | Reached **** piety under Trog
   331 | D        | Killed a shadow
   332 | D        | Reached XP level 8. HP: 26/82 MP: 8/8
   336 | D        | Killed a two-headed ogre
   456 | D        | Noticed a tengu warrior
   456 | D        | Noticed a deep elf pyromancer
   456 | D        | Noticed a two-headed ogre
   456 | D        | Noticed a deep troll
   456 | D        | Noticed a white ugly thing
   456 | D        | Noticed a tengu conjurer
   461 | D        | Killed a tengu conjurer
   468 | D        | Killed a white ugly thing
   468 | D        | Reached ***** piety under Trog
   469 | D        | Reached XP level 9. HP: 60/93 MP: 9/9
   474 | D        | Killed a deep troll
   475 | D        | Reached skill level 15 in Long Blades
   475 | D        | Reached skill level 10 in Dodging
   477 | D        | Killed a two-headed ogre
   479 | D        | Killed a deep elf pyromancer
   480 | D        | Reached skill level 1 in Stealth
   488 | D        | Killed a tengu warrior
   489 | D        | Reached XP level 10. HP: 29/104 MP: 10/10
   865 | D        | Noticed a five-headed hydra
   865 | D        | Noticed a black mamba
   865 | D        | Noticed a cane toad
   874 | D        | Noticed a six-headed hydra
   882 | D        | Killed a 12-headed hydra
   883 | D        | Reached skill level 15 in Fighting
   893 | D        | Killed a cane toad
  1250 | D        | Killed a black mamba
  1315 | D        | Killed a 13-headed hydra
  1550 | D        | Noticed an elephant
  1550 | D        | Noticed a black mamba
  1550 | D        | Noticed a cane toad
  1550 | D        | Noticed a black mamba
  1557 | D        | Killed a black mamba
  1557 | D        | Received a gift from Trog
  1564 | D        | Killed a cane toad
  1566 | D        | Noticed an elephant
  1571 | D        | Killed a black mamba
  1572 | D        | Noticed an elephant
  1573 | D        | Reached XP level 11. HP: 98/115 MP: 11/11
  1593 | D        | Reached ****** piety under Trog
  1896 | D        | Received a gift from Trog
  1912 | D        | Received a gift from Trog
  2256 | D        | Noticed Urug
  2263 | D        | Killed Urug
  2293 | D        | Noticed Harold
  2305 | D        | Killed Harold
  2363 | D        | Noticed an ettin
  2369 | D        | Killed an ettin
  2373 | D        | Noticed a stone giant
  2384 | D        | Received a gift from Trog
  2390 | D        | Killed a stone giant
  2720 | D        | Noticed an orc high priest
  2725 | D        | Noticed an orc knight
  2728 | D        | Received a gift from Trog
  2731 | D        | Noticed an orc knight
  2745 | D        | Killed an orc high priest
  2756 | D        | Killed an orc knight
  2770 | D        | Killed an orc knight
  2771 | D        | Reached skill level 1 in Evocations
  2771 | D        | Reached XP level 12. HP: 26/130 MP: 12/12
  3158 | D        | Found Arufryl's Armour Boutique.
  3158 | D        | Noticed an orc high priest
  3158 | D        | Noticed an orc high priest
  3158 | D        | Noticed an orc high priest
  3161 | D        | Noticed an orc high priest
  3165 | D        | Killed an orc high priest
  3165 | D        | Received a gift from Trog
  3166 | D        | Reached skill level 5 in Stealth
  3169 | D        | Found Konti's Antique Armour Shop.
  3169 | D        | Noticed an orc high priest
  3173 | D        | HP: 4/130 [orc knight (8)]
  3177 | D        | Killed an orc high priest
  3207 | D        | Killed an orc high priest
  3612 | D        | Killed an orc high priest
  3613 | D        | Reached skill level 1 in Throwing
  3620 | D        | Killed an orc high priest
  3631 | D        | Noticed an orc high priest
  3639 | D        | Killed an orc high priest
  3688 | D        | Found Orchotol's Weapon Boutique.
  3692 | D        | Found Ryblosk's General Store.
  3697 | D        | Noticed an orc high priest
  3712 | D        | Received a gift from Trog
  3723 | D        | Killed an orc high priest
  3725 | D        | HP: 4/133 [orc knight (38)]
  4144 | D        | Bought an embroidered scarf for 184 gold pieces
  4152 | D        | Bought 2 boomerangs for 10 gold pieces
  4152 | D        | Bought a scroll of enchant armour for 75 gold pieces
  4152 | D        | Bought 5 boomerangs for 25 gold pieces
  4178 | D        | Noticed Sonja
  4183 | D        | Killed Sonja
  4333 | D        | Noticed Gastronok
  4344 | D        | Killed Gastronok
  4344 | D        | Received a gift from Trog
  4460 | D        | Noticed a death knight
  4460 | D        | Noticed a centaur warrior
  4460 | D        | Noticed a rakshasa
  4472 | D        | Noticed a stone giant
  4474 | D        | Killed a rakshasa
  4475 | D        | Noticed a deep troll shaman
  4476 | D        | Killed a centaur warrior
  4476 | D        | Received a gift from Trog
  4476 | D        | Noticed a great orb of eyes
  4485 | D        | Killed a death knight
  4487 | D        | Killed a stone giant
  4488 | D        | Reached XP level 13. HP: 108/143 MP: 13/13
  4658 | D        | Noticed an ettin
  4677 | D        | Killed an ettin
  4726 | D        | Received a gift from Trog
  4959 | D        | Noticed a merfolk javelineer
  4970 | D        | Received a gift from Trog
  4974 | D        | Killed a merfolk javelineer
  5070 | D        | Received a gift from Trog
  5145 | D        | Received a gift from Trog
  5377 | D        | Reached skill level 15 in Dodging
  5388 | D        | Received a gift from Trog
  5574 | D        | Noticed a bunyip
  5574 | D        | Noticed an eleionoma
  5580 | D        | Noticed a bunyip
  5585 | D        | Killed an eleionoma
  5589 | D        | Killed a bunyip
  5592 | D        | Received a gift from Trog
  5862 | D        | Killed a bunyip
  5863 | D        | Gained mutation: You have acidic saliva. [Yellow Draconian
                  | growth]
  5863 | D        | Reached XP level 14. HP: 130/160 MP: 14/14
  6096 | D        | Noticed Donald
  6107 | D        | Killed Donald
  6248 | D        | Noticed a spriggan defender
  6248 | D        | Noticed a frost giant
  6248 | D        | Noticed a frost giant
  6684 | D        | Received a gift from Trog
  6685 | D        | Reached skill level 5 in Throwing
  6755 | D        | Killed a frost giant
  6782 | D        | Killed a frost giant
  7140 | D        | Noticed a red very ugly thing
  7143 | D        | Noticed a sphinx
  7155 | D        | Killed a spriggan defender
  7183 | D        | Killed a red very ugly thing
  7575 | D        | Killed a sphinx
  7575 | D        | Received a gift from Trog
  7633 | D        | Noticed a spriggan defender
  7648 | D        | Killed a spriggan defender
  7651 | D        | HP: 1/244 [spark wasp (13)]
  8141 | D        | Noticed a stone giant
  8154 | D        | Killed a stone giant
  8306 | D        | Received a gift from Trog
  8379 | D        | Noticed an iron dragon
  8382 | D        | Noticed a frost giant
  8383 | D        | Noticed a stone giant
  8389 | D        | Killed an iron dragon
  8394 | D        | Killed a frost giant
  8398 | D        | Killed a stone giant
  8645 | D        | Noticed an ironbound preserver
  8645 | D        | Noticed a vault warden
  8649 | D        | Received a gift from Trog
  8656 | D        | Killed a vault warden
  8659 | D        | Reached skill level 10 in Stealth
  8675 | D        | Killed an ironbound preserver
  8675 | D        | Received a gift from Trog
  9092 | D        | Identified the +3 great sword "Heos Duw" {vorpal, Fly}
                  | (Trog gifted it to you in the Dungeon)
  9092 | D        | Received a gift from Trog
  9388 | D        | Noticed a vault warden
  9396 | D        | Reached skill level 27 in Fighting
  9398 | D        | Noticed a sphinx
  9402 | D        | Killed a vault warden
  9406 | D        | Received a gift from Trog
  9414 | D        | Paralysed by a sphinx for 4 turns
  9420 | D        | Killed a sphinx
  9421 | D        | Reached skill level 27 in Long Blades
  9564 | D        | Noticed Boris
  9578 | D        | Killed Boris
  9579 | D        | Reached XP level 15. HP: 174/174 MP: 15/15
  9692 | D        | Found the +2 Maxwell's thermic engine {flame, freeze}
  9781 | D        | Noticed a tengu reaver
  9784 | D        | Noticed Sojobo
  9785 | D        | Noticed a tengu reaver
  9797 | D        | Killed from afar by a tengu reaver

Illustrated notes

Levels and vault maps discovered:
D:        linesprint [early_d, line_temple, items_1, d_10, items_2, lair_1,
          lair_end, items_3, orc_1, orc_end, items_4, d_15, swamp_1, shoals_1,
          snake_1, spider_1, d_20, vaults_1, items_5, swamp_end, shoals_end,
          snake_end, spider_end, vaults_end, d_27, items_6, zot_1, zot_end,
          crypt_end, forest_end, elf_end, slime_end, tomb_end, abyss_end,
          pan_hell_end]

Skill      XL: |  1  2  3  4  5  6  7  8  9 10 11 12 13 14 |
---------------+-------------------------------------------+-----
Dodging        | 3 4 5 8 9 10 12 13 14 15 18 | 18.2
Fighting       | 4 5 6 10 11 13 14 16 19 21 24 27 | 27.0
Long Blades    | 5 6 11 12 14 16 18 20 22 24 27 | 27.0
Stealth        | 1 2 4 7 8 11 | 11.5
Evocations     | 1 |  1.0
Throwing       | 2 4 6 |  6.3

Action                   |  1- 3 |  4- 6 |  7- 9 | 10-12 | 13-15 || total
-------------------------+-------+-------+-------+-------+-------++-------
Melee: Falchion          |    16 |     4 |       |       |       ||    20
       Tailslap          |     1 |     1 |     3 |    30 |    47 ||    82
       Scimitar          |       |     9 |    33 |    85 |     9 ||   136
       Punch             |       |       |     1 |       |       ||     1
       Great sword       |       |       |       |   139 |   253 ||   392
       Bite              |       |       |       |       |    19 ||    19
Throw: Javelin           |       |       |       |     4 |     9 ||    13
Invok: Berserk           |     1 |     1 |     1 |    10 |    12 ||    25
       Brothers in Arms  |       |       |     2 |     5 |     4 ||    11
 Abil: Breathe Acid      |       |       |     2 |    13 |    12 ||    27
Evoke: Wand              |       |       |       |     1 |       ||     1
  Use: Scroll            |       |       |     1 |     2 |     2 ||     5
       Potion            |       |       |     1 |     4 |     7 ||    12
 Stab: Sleeping          |       |       |       |     1 |       ||     1
       Distracted        |       |       |       |     1 |     2 ||     3
Armor: Skin              |     5 |       |    12 |    46 |    62 ||   125
Dodge: Dodged            |     8 |     9 |    26 |   126 |   101 ||   270

Table legend: (Time is in decaauts)
 A = Elapsed time spent in this place.
 B = Non-inter-level travel time spent in this place.
 C = Inter-level travel time spent in this place.
 D = Time resting spent in this place.
 E = Time spent auto-exploring this place.
 F = Levels seen in this place.
 G = Mean time per level.
                   A        B        C        D        E       F      G
               +--------+--------+--------+--------+--------+-----+--------+
         Total |   9858 |   9858 |      0 |   5959 |   1598 |   1 | 9858.0 |
       Dungeon |   9858 |   9858 |      0 |   5959 |   1598 |   1 | 9858.0 |
               +--------+--------+--------+--------+--------+-----+--------+

Top non-repeatable levels by time:
       D: 9858 daAuts
